AoeStats
← 給你舒服

Black Forest

510076664Analyzed
4v4 RM · 1d ago on Sep 29, 2026· 58m 50s· 8 players
Game mode
Random Map
Map size
Large (8 player)
Population
200
Speed
Normal
Resources
Standard
Victory
Conquest
Starting age
Dark Age
Ending age
Imperial Age
RankedLock teamsTeams togetherTeam positionsShared explorationLock speedFull tech treeHidden civsTurbo modeCheats
Victory
Defeat
🇹🇼 Persians · Taiwan
1029
+13
🇵🇰 Teutons · Pakistan
1023
+14
🇵🇰 Bohemians · Pakistan
1015
+14
🇮🇳 Wei · India
977
+15
🇨🇳 Khmer · China
996
-15
🇪🇸 Romans · Spain
977
-14
🇹🇷 Wu · Türkiye
962
-14
🇨🇴 Persians · Colombia
938
-13
Morias1stt
10:22 Loom
12:18 Feudal Age
19:23 Castle Age
18:23 Padded Archer Armor
18:14 Fletching
18:21 Stone Mining
18:23 Double-Bit Axe
18:36 Fishing Lines
19:03 Gold Mining
24:06 Wheelbarrow
24:03 Horse Collar
29:21 Imperial Age
27:30 Leather Archer Armor
27:22 Caravan
28:44 Bow Saw
29:09 Red Cliffs Tactics
29:23 Gillnets
29:42 Bodkin Arrow
30:43 Conscription
30:27 Husbandry
31:09 Town Watch
31:29 Bracer
32:11 Hand Cart
32:57 Bloodlines
32:11 Light Cavalry
32:55 Squires
33:28 Heavy Plow
34:11 Ballistics
34:54 Chemistry
33:50 Murder Holes
34:07 Masonry
33:38 Pikeman
34:11 Elite Fire Archer
34:53 Arson
35:11 Scale Mail Armor
35:22 Forging
35:52 Halberdier
38:16 Chain Mail Armor
38:37 Iron Casting
42:12 Two-Man Saw
41:53 Architecture
47:15 Plate Mail Armor
47:46 Blast Furnace
EihwazTyr
8:22 Loom
11:45 Feudal Age
18:31 Castle Age
16:57 Double-Bit Axe
17:26 Horse Collar
24:51 Wheelbarrow
24:07 Gold Mining
31:04 Imperial Age
28:35 Stone Mining
28:53 Husbandry
29:09 Heavy Plow
29:49 Bloodlines
30:43 Scale Barding Armor
31:10 Hand Cart
31:18 Town Watch
32:33 Onager
32:40 Pikeman
33:33 Forging
33:25 Scale Mail Armor
33:21 Heavy Camel Rider
34:25 Chain Barding Armor
34:54 Ballistics
35:35 Chemistry
34:24 Gambesons
34:41 Squires
35:10 Bow Saw
35:53 Iron Casting
36:35 Conscription
37:15 Thumb Ring
43:15 Blast Furnace
45:16 Elite Skirmisher
45:40 Halberdier
47:05 Chain Mail Armor
51:35 Plate Mail Armor
51:40 Fletching
51:51 Padded Archer Armor
電動遊戯
2:01 Loom
9:39 Feudal Age
14:41 Castle Age
13:26 Double-Bit Axe
14:36 Horse Collar
16:34 Fervor
16:42 Bow Saw
29:59 Wheelbarrow
30:02 Stone Mining
30:41 Caravan
31:09 Bloodlines
30:59 Husbandry
31:07 Gold Mining
31:55 Stone Shaft Mining
32:44 Gold Shaft Mining
32:37 Hand Cart
32:42 Heavy Plow
35:33 Imperial Age
32:51 Light Cavalry
33:59 Town Watch
34:42 Fletching
34:57 Scale Barding Armor
35:02 Devotion
35:29 Bodkin Arrow
35:49 Forging
36:01 Ballistics
35:51 Fortified Wall
35:37 Murder Holes
35:52 Masonry
35:44 Town Patrol
36:38 Conscription
35:38 Elite Ballista Elephant
36:18 Double Crossbow
36:30 Double Crossbow
37:01 Chain Barding Armor
37:33 Crop Rotation
37:48 Hoardings
37:51 Siege Engineers
38:49 Chemistry
38:21 Bracer
38:01 Hussar
41:51 Iron Casting
41:51 Plate Barding Armor
42:53 Capped Ram
44:46 Blast Furnace
44:22 Plate Barding Armor
44:55 Siege Ram
50:18 Onager
El Cacas
0:32 Loom
14:51 Feudal Age
22:11 Castle Age
20:05 Double-Bit Axe
23:43 Bow Saw
24:56 Padded Archer Armor
24:46 Fletching
27:27 Horse Collar
28:39 Man-at-Arms
32:16 Wheelbarrow
36:02 Imperial Age
34:17 Scale Mail Armor
34:29 Forging
35:16 Hand Cart
36:25 Chain Mail Armor
36:46 Iron Casting
36:16 Squires
35:45 Long Swordsman
36:59 Bodkin Arrow
39:05 Leather Archer Armor
39:16 Ballistics
40:01 Iron Casting
41:26 Ring Archer Armor
40:23 Pikeman
41:54 Halberdier
43:00 Ballistas
45:32 Chemistry
44:30 Murder Holes
44:46 Masonry
48:20 Guilds
48:41 Coinage
48:11 Caravan
49:15 Legionary
kailashsaravanaraj
13:07 Feudal Age
17:00 Castle Age
15:45 Fishing Lines
19:42 Horse Collar
21:29 Double-Bit Axe
21:48 Heavy Plow
21:53 Gillnets
23:47 Stone Mining
24:49 Forging
25:36 Wheelbarrow
24:52 Town Watch
24:55 Loom
26:07 Stone Shaft Mining
25:24 Gold Mining
26:37 Iron Casting
26:37 Hand Cart
27:19 Gold Shaft Mining
28:45 Bow Saw
29:20 Town Patrol
33:08 Imperial Age
31:21 Iron Casting
30:54 Scale Barding Armor
32:33 Thumb Ring
32:41 Fletching
32:52 Padded Archer Armor
33:04 Tuntian
34:23 Parthian Tactics
35:27 Conscription
34:28 Elite Tiger Cavalry
35:54 Ming Guang Armor
36:34 Blast Furnace
35:55 Chain Barding Armor
36:43 Ballistics
37:24 Chemistry
36:40 Masonry
37:11 Hoardings
38:02 Bodkin Arrow
38:23 Leather Archer Armor
41:12 Bracer
41:42 Ring Archer Armor
43:28 Bloodlines
43:18 Husbandry
42:39 Heavy Hei Guang Cavalry
49:14 Caravan
Just_jawad
0:27 Loom
12:57 Feudal Age
14:06 Double-Bit Axe
14:03 Horse Collar
16:44 Castle Age
17:59 Wheelbarrow
18:02 Bow Saw
18:37 Heavy Plow
28:22 Hand Cart
30:04 Squires
29:50 Arson
33:08 Imperial Age
31:47 Fletching
32:07 Forging
31:58 Scale Mail Armor
31:59 Padded Archer Armor
32:09 Pikeman
32:58 Wagenburg Tactics
33:59 Chemistry
33:20 Ballistics
32:56 Murder Holes
33:51 Bodkin Arrow
34:32 Iron Casting
34:20 Conscription
33:29 Halberdier
34:34 Houfnice
36:17 Bracer
36:32 Leather Archer Armor
36:33 Chain Mail Armor
36:56 Arrowslits
37:17 Siege Engineers
37:23 Masonry
38:16 Blast Furnace
38:21 Two-Man Saw
38:41 Ring Archer Armor
40:26 Plate Mail Armor
47:59 Bombard Tower
51:28 Elite Hussite Wagon
Memory
0:27 Loom
16:06 Feudal Age
19:57 Castle Age
24:21 Double-Bit Axe
24:17 Horse Collar
29:09 Fletching
29:53 Bow Saw
29:44 Heavy Plow
29:36 Gold Mining
30:26 Bodkin Arrow
32:20 Wheelbarrow
35:47 Imperial Age
34:17 Ironclad
34:56 Stone Mining
35:11 Caravan
38:24 Chemistry
38:34 Hand Cart
38:06 Town Watch
40:07 Heavy Scorpion
43:22 Siege Engineers
50:30 Crop Rotation
51:01 Two-Man Saw
50:38 Stone Shaft Mining
50:39 Scale Barding Armor
50:45 Forging
51:41 Chain Barding Armor
52:09 Cavalier
53:00 Bloodlines
53:31 Paladin
54:51 Plate Barding Armor
54:52 Iron Casting
55:07 Padded Archer Armor
59:11 Blast Furnace
給你舒服
1:07 Loom
12:18 Feudal Age
12:45 Double-Bit Axe
17:57 Castle Age
16:35 Gold Mining
17:05 Horse Collar
19:46 Bow Saw
23:58 Kamandaran
24:40 Bloodlines
24:36 Fletching
26:58 Crossbowman
27:46 Bodkin Arrow
28:47 Thumb Ring
28:53 Padded Archer Armor
30:52 Wheelbarrow
31:37 Ballistics
31:48 Scale Barding Armor
35:16 Imperial Age
33:26 Forging
33:46 Chain Barding Armor
34:13 Gold Shaft Mining
34:01 Padded Archer Armor
34:27 Masonry
35:06 Iron Casting
36:42 Plate Barding Armor
36:33 Elite War Elephant
38:36 Blast Furnace
39:17 Two-Man Saw
38:36 Hand Cart
41:10 Citadels
43:57 Conscription
46:55 Caravan
51:21 Pikeman
52:02 Squires
51:49 Arson
52:08 Scale Mail Armor
53:34 Halberdier
59:20 Husbandry
58:41 Light Cavalry
Connection lost

Rejoining the realm…

Still unreachable

The connection could not be restored.

Session expired

The server has moved on; the page needs a fresh start.